AoeStats
← SWITCHBLADE VO

Arabia

512481663Analyzed
1v1 RM · 10d ago on Oct 9, 2026· 36m 55s· 2 players
Game mode
Random Map
Map size
Tiny (2 player)
Population
200
Speed
Normal
Resources
Standard
Victory
Conquest
Starting age
Dark Age
Ending age
Imperial Age
RankedLock teamsTeams togetherTeam positionsShared explorationLock speedFull tech treeHidden civsTurbo modeCheats
Victory
Defeat
🇺🇸 Spanish · United States
514
+18
vs
🇨🇿 Magyars · Czechia
568
-24
phamthiep34
6:32 Loom
11:44 Feudal Age
12:20 Double-Bit Axe
22:20 Castle Age
23:27 Bloodlines
22:38 Light Cavalry
23:29 Scale Barding Armor
25:26 Wheelbarrow
25:41 Stone Mining
28:13 Bow Saw
28:39 Husbandry
28:43 Town Watch
30:23 Gold Mining
SWITCHBLADE VO
7:07 Loom
11:10 Feudal Age
11:54 Double-Bit Axe
15:46 Horse Collar
27:30 Castle Age
27:12 Scale Mail Armor
27:24 Forging
27:56 Bloodlines
28:39 Heavy Plow
35:50 Husbandry
Connection lost

Rejoining the realm…

Still unreachable

The connection could not be restored.

Session expired

The server has moved on; the page needs a fresh start.